 Dungeon Crawl Stone Soup version 0.17.1-1-g73c8601 (webtiles) character file.

15972 Goblin1989 the Grappler (level 12, -9/67 HPs)
             Began as a Vine Stalker Monk on Jan 2, 2016.
             Was an Elder of Elyvilon.
             Mangled by an ice devil (25 damage)
             ... in an ice cave.
             The game lasted 00:37:11 (9577 turns).

Goblin1989 the Grappler (Vine Stalker Monk)         Turns: 9577, Time: 00:37:12

Health: -9/67      AC: 15    Str: 19    XL:     12   Next: 32%
Magic:  0/17       EV:  7    Int: 10    God:    Elyvilon [****..]
Gold:   597        SH:  0    Dex: 17    Spells: 0 memorised, 11 levels left

rFire  + . .     SeeInvis .       - Unarmed
rCold  . . .     Clarity  .     e - +1 plate armour {rF+}
rNeg   . . .     SustAt   .     (no shield)
rPois  .         Gourm    .     (no helmet)
rElec  .         Spirit   +     (no cloak)
rCorr  .         Warding  .     g - +0 pair of gloves
rMut   .         Stasis   .     (no boots)
MR     ++...                    j - amulet of regeneration
Stlth  ..........               (no ring)
                                y - ring of protection from magic

@: very resistant to hostile enchantments, extremely unstealthy
A: fangs 3, low mp 1, regeneration 3, magic shield, antimagic bite, no device
heal 3, rot immunity
a: Lesser Healing, Heal Other, Purification, Greater Healing, Divine Protection,
Renounce Religion


You were in an ice cave.
You worshipped Elyvilon.
Elyvilon was greatly pleased with you.
You were hungry.

You visited 2 branches of the dungeon, and saw 14 of its levels.
You also visited: Sewer and Ice Cave.

You collected 597 gold pieces.

Inventory:

Armour
 e - a +1 plate armour of fire resistance (worn)
 g - a +0 pair of gloves (worn)
Rods
 b - a +0 rod of shadows (11/11)
   (You found it on level 8 of the Dungeon)
Jewellery
 i - the amulet "Opnopun" {Stasis rElec MR+ Str-2 SInv}
   (You found it on level 6 of the Dungeon)

   [amulet of stasis]

   It prevents you from being teleported, slowed, hasted or paralysed.
   It affects your strength (-2).
   It insulates you from electricity.
   It affects your resistance to hostile enchantments.
   It lets you see invisible.
 j - an amulet of regeneration (around neck)
 r - an uncursed amulet of clarity
 y - a ring of protection from magic (left hand)
Scrolls
 f - 3 scrolls of fear
 o - 7 scrolls of teleportation
 p - a scroll of fog
 q - 2 scrolls of recharging
 s - 6 scrolls of remove curse
 t - 2 scrolls of immolation
 v - 2 scrolls of enchant armour
 z - a scroll of amnesia
 B - 3 scrolls of blinking {unknown}
 E - a scroll of enchant weapon {unknown}
Potions
 a - a potion of invisibility
 c - 3 potions of curing
 h - 3 potions of flight
 k - 2 potions of brilliance
 l - a potion of might
 u - a potion of lignification
 w - a potion of agility
 x - a potion of haste
 A - a potion of berserk rage {unknown}
Comestibles
 d - 7 beef jerkies
 m - 2 meat rations
 n - a chunk of flesh
 C - 5 bread rations


   Skills:
 * Level 9.5 Fighting
 + Level 6.0 Armour
 - Level 2.4 Dodging
 - Level 2.4 Stealth
 + Level 13.1 Unarmed Combat
 + Level 7.9 Invocations
 - Level 3.5 Evocations


You had 11 spell levels left.
You didn't know any spells.

Dungeon Overview and Level Annotations

Branches:
Dungeon (10/15)            Temple (0/1) D:7            Lair (4/8) D:8
  Swamp (0/4) Lair:3       Spider (0/4) Lair:4
    Orc: D:9-12

Altars:
Dithmenos
Elyvilon

Annotations:
D:8 Erolcha
D:9 Prince Ribbit


Innate Abilities, Weirdness & Mutations

You have razor-sharp teeth.
You regenerate.
When hurt, damage is shared between your health and your magic reserves.
Your bite disrupts and absorbs the magic of your enemies.
Potions and wands cannot restore your health.
You are immune to rotting.
Your magical capacity is low (-10% MP).


Message History

The ice devil hits you but does no damage. x2
You punch the ice devil!
You punch the ice devil, but do no damage.
You bite the ice devil. You drain its power.
You feel invigorated.
The ice devil is severely wounded.
You pummel the ice devil!!
You punch the ice devil, but do no damage.
The ice devil is almost dead.
The ice devil hits you. The ice devil freezes you!
The ice devil closely misses you.
You hit the ice devil. You bite the ice devil. You drain its power.
You feel invigorated.
The ice devil is almost dead.
The ice devil hits you but does no damage.
The ice devil hits you! The ice devil freezes you!!
* * * LOW HITPOINT WARNING * * *
You are healed.
You feel somewhat more hungry. The ice devil hits you!
* * * LOW HITPOINT WARNING * * *
The ice devil freezes you!!
You die...

.... .... ####
..... ##..##
#.....
##....######......
#....3..##........
#..∩@3............
#.................
##....##..##......
##..###### .....
#### .... ... .. .


You could see 2 ice devils.

Vanquished Creatures
  The ghost of comborobin the Fighter, a journeyman KoNe of Sif Muna (Lair:3)
  Erica (D:8)
  The ghost of Goblin1989 the Grappler, a novice VSMo (D:8)
  2 black mambas
  Joseph (D:7)
  4 spiny frogs
  A fire drake (Lair:1)
  A troll (D:9)
  5 blink frogs (Lair:1)
  5 yaks (Lair:1)
  Eustachio (D:6)
  2 basilisks
  Grum (D:8)
  11 wolves
  Menkaure (D:7)
  6 water moccasins
  2 hippogriffs
  An orc warrior (D:6)
  A black bear (Lair:1)
  5 porcupines
  2 phantoms (D:8)
  10 ice beasts
  5 sky beasts
  2 centaurs
  6 crocodiles
  4 ogres
  12 giant frogs
  A water moccasin zombie (D:7)
  3 killer bees (D:7)
  4 scorpions
  5 wights (D:7)
  3 hounds
  3 crimson imps
  A centaur zombie (D:8)
  A giant frog zombie (D:5)
  A gnoll shaman (D:7)
  10 iguanas
  A giant frog skeleton (D:7)
  An orc wizard (D:5)
  5 worker ants
  8 sheep (Lair:4)
  A hound skeleton (D:8)
  7 adders
  30 river rats
  10 gnolls
  4 oozes (Sewer)
  2 adder skeletons
  11 worms
  4 giant geckos
  10 orcs
  5 ball pythons
  6 giant cockroaches
  7 hobgoblins
  10 jackals
  8 kobolds
  5 quokkas
  11 bats
  5 giant newts
  5 goblins
  6 rats
288 creatures vanquished.

Vanquished Creatures (collateral kills)
  A giant frog skeleton (D:9)
  A kobold (D:9)
2 creatures vanquished.

Vanquished Creatures (others)
  A river rat (Lair:4)
  A giant newt (Lair:3)
  A quokka (D:7)
  A fungus (Lair:3)
4 creatures vanquished.

Grand Total: 294 creatures vanquished

Notes
Turn   | Place    | Note
--------------------------------------------------------------
     0 | D:1      | Goblin1989 the Vine Stalker Monk began the quest for the Orb.
     0 | D:1      | Reached XP level 1. HP: 11/11 MP: 2/2
   105 | D:1      | Reached XP level 2. HP: 16/16 MP: 3/3
   642 | D:2      | Reached XP level 3. HP: 5/19 MP: 2/4
   762 | D:2      | Reached skill level 5 in Unarmed Combat
   894 | D:2      | Reached XP level 4. HP: 13/23 MP: 5/5
   901 | D:2      | Reached skill level 1 in Armour
  1366 | D:3      | Reached XP level 5. HP: 16/27 MP: 4/6
  1452 | D:3      | Reached skill level 6 in Unarmed Combat
  1743 | D:4      | Found a shadowy altar of Dithmenos.
  2069 | D:4      | Gained mutation: You heal very quickly. [Vine Stalker growth]
  2069 | D:4      | Reached XP level 6. HP: 11/32 MP: 7/7
  2459 | D:5      | Entered Level 5 of the Dungeon
  2505 | D:5      | HP: 1/32 [ogre/giant club (2)]
  2511 | D:5      | HP: 1/32 [poisoned by a worker ant]
  2516 | D:5      | HP: 1/32 [poisoned by a worker ant]
  2630 | D:5      | Found a glowing drain.
  2634 | Sewer    | Entered a sewer
  3039 | Sewer    | Reached skill level 7 in Unarmed Combat
  3167 | D:5      | Reached XP level 7. HP: 30/35 MP: 6/8
  3364 | D:6      | Got a translucent silver amulet
  3521 | D:6      | Identified the amulet "Opnopun" {Stasis rElec MR+ Str-2 SInv} (You found it on level 6 of the Dungeon)
  3561 | D:6      | Noticed Eustachio
  3590 | D:5      | Reached skill level 8 in Unarmed Combat
  3695 | D:5      | Gained mutation: You have razor-sharp teeth. [Vine Stalker growth]
  3695 | D:5      | Reached XP level 8. HP: 39/39 MP: 9/9
  4011 | D:5      | Reached skill level 9 in Unarmed Combat
  4077 | D:6      | Killed Eustachio
  4254 | D:6      | Reached skill level 5 in Armour
  4380 | D:7      | Found a white marble altar of Elyvilon.
  4387 | D:7      | Became a worshipper of Elyvilon the Healer
  4387 | D:7      | Reached * piety under Elyvilon
  4387 | D:7      | Reached ** piety under Elyvilon
  4472 | D:7      | Reached XP level 9. HP: 43/43 MP: 10/10
  4476 | D:7      | Gained mutation: You have supernaturally acute eyesight. [mutagenic meat]
  4477 | D:7      | Lost mutation: You have supernaturally acute eyesight. [mutagenic meat]
  4478 | D:7      | Gained mutation: Your magical capacity is low (-10% MP). [mutagenic meat]
  4503 | D:7      | Reached skill level 10 in Unarmed Combat
  4503 | D:7      | Reached skill level 1 in Invocations
  4741 | D:7      | Noticed Joseph
  4757 | D:7      | Killed Joseph
  5056 | D:7      | Found a staircase to the Ecumenical Temple.
  5106 | D:7      | Noticed Menkaure
  5114 | D:7      | Killed Menkaure
  5114 | D:7      | Reached skill level 11 in Unarmed Combat
  5483 | D:8      | Noticed Goblin1989's ghost (novice VSMo)
  5604 | D:9      | Noticed Prince Ribbit
  5677 | D:8      | Noticed Erica
  5690 | D:8      | Killed Erica
  5690 | D:8      | Reached skill level 5 in Fighting
  5690 | D:8      | Reached XP level 10. HP: 44/51 MP: 11/13
  5772 | D:8      | Noticed Erolcha
  5962 | D:9      | Reached skill level 5 in Invocations
  5997 | D:9      | Noticed a skeletal warrior
  6101 | D:10     | Entered Level 10 of the Dungeon
  6103 | D:10     | Noticed a hill giant
  6148 | D:9      | Identified a +0 rod of shadows (11/11) (You found it on level 8 of the Dungeon)
  6167 | D:9      | Reached skill level 12 in Unarmed Combat
  6218 | D:8      | Killed Goblin1989's ghost
  6230 | D:8      | Reached skill level 1 in Evocations
  6247 | D:8      | Noticed Grum
  6267 | D:8      | Killed Grum
  6273 | D:8      | Found a staircase to the Lair.
  6312 | D:8      | Reached *** piety under Elyvilon
  6468 | Lair:1   | Entered Level 1 of the Lair of Beasts
  6588 | Lair:1   | Reached XP level 11. HP: 48/58 MP: 10/14
  6947 | Lair:1   | Noticed a six-headed hydra
  6951 | Lair:1   | Pacified a six-headed hydra
  7003 | Lair:1   | Noticed a black mamba
  7016 | Lair:1   | Killed a black mamba
  7029 | Lair:1   | HP: 2/58 [poisoned by a black mamba]
  7034 | Lair:1   | HP: 1/58 [poisoned by a black mamba]
  7039 | Lair:1   | HP: 2/58 [poisoned by a black mamba]
  7711 | Lair:2   | Reached **** piety under Elyvilon
  8353 | Lair:3   | Noticed comborobin's ghost (journeyman KoNe)
  8613 | Lair:3   | Found a staircase to the Swamp.
  8613 | Lair:3   | Noticed a swamp dragon
  8616 | Lair:3   | Pacified a swamp dragon
  8701 | Lair:3   | Killed comborobin's ghost
  8764 | Lair:3   | Gained mutation: You regenerate. [Vine Stalker growth]
  8764 | Lair:3   | Reached XP level 12. HP: 31/65 MP: 9/16
  9392 | Lair:4   | Reached skill level 13 in Unarmed Combat
  9417 | Lair:4   | Noticed a seven-headed hydra
  9419 | Lair:4   | Pacified a seven-headed hydra
  9496 | Lair:4   | Found a frozen archway.
  9552 | IceCv    | Entered an ice cave
  9577 | IceCv    | Mangled by an ice devil

Action                   |  1- 3 |  4- 6 |  7- 9 | 10-12 || total
-------------------------+-------+-------+-------+-------++-------
Melee: Unarmed           |    92 |   200 |   354 |   603 ||  1249
Invok: Heal Other        |       |       |       |     4 ||     4
       Lesser Healing    |       |       |       |     1 ||     1
Evoke: Wand              |       |       |     4 |     1 ||     5
       Rod               |       |       |       |     2 ||     2
  Use: Scroll            |       |     6 |     7 |     5 ||    18
       Potion            |       |     6 |     1 |     1 ||     8
 Stab: Distracted        |     1 |       |       |       ||     1
       Invisible         |       |     2 |       |       ||     2
  Eat: Chunk             |       |     4 |    13 |    12 ||    29
       Pizza             |       |     1 |       |       ||     1
       Fruit             |       |     2 |       |       ||     2
       Bread ration      |       |       |       |     1 ||     1
       Royal jelly       |       |       |       |     1 ||     1
